 Dungeon Crawl Stone Soup version 0.23.2-40-g277498a001 (webtiles) character file.

Game seed: 7110193220578024367

15 Descartes the Insei (level 2, 0/14 HPs)
             Began as a Vine Stalker Transmuter on Oct 5, 2019.
             Slain by a kobold
             ... wielding a +0 dagger
              (2 damage)
             ... on level 1 of the Dungeon.
             The game lasted 00:01:32 (1372 turns).

Descartes the Insei (Vine Stalker Transmuter)       Turns: 1372, Time: 00:01:33

Health: 0/14       AC:  2    Str: 12    XL:     2   Next: 50%
Magic:  0/6        EV: 12    Int: 13    God:
Gold:   49         SH:  0    Dex: 14    Spells: 4/5 levels left

rFire    . . .     SeeInvis .     - Unarmed
rCold    . . .     Gourm    .   (no shield)
rNeg     . . .     Faith    .   b - +0 robe
rPois    .         Spirit   +   (no helmet)
rElec    .         Reflect  .   (no cloak)
rCorr    .         Harm     .   (no gloves)
MR       .....                  (no boots)
Stlth    ++........             (no amulet)
HPRegen  0.04/turn              (no ring)
MPRegen  0.10/turn              (no ring)

@: no status effects
A: fangs 2, magic shield, antimagic bite, no potion heal 3, rot immunity
a: no special abilities


You were on level 1 of the Dungeon.
You were not hungry.

You visited 1 branch of the dungeon, and saw 2 of its levels.

You collected 49 gold pieces.

Inventory:

Missiles
 a - 12 arrows
 e - 38 stones (quivered)
Armour
 b - a +0 robe (worn)
Scrolls
 g - a scroll of enchant weapon {unknown}
 j - a scroll of remove curse {unknown}
 n - a scroll of magic mapping {unknown}
Potions
 f - 2 potions of flight
 i - 2 potions of curing
 k - a potion of degeneration {unknown}
 l - a potion of ambrosia {unknown}
 m - a potion of brilliance
 o - a potion of agility {unknown}
Comestibles
 d - a ration


   Skills:
 + Level 1.0 Fighting
 + Level 0.2 Armour
 + Level 1.7 Dodging
 + Level 0.8 Stealth
 * Level 3.1 Unarmed Combat
 + Level 2.3 Spellcasting
 * Level 2.2 Transmutations


You had 4 spell levels left.
You knew the following spells:

 Your Spells              Type           Power        Failure   Level  Hunger
a - Beastly Appendage     Tmut           #.....       10%         1    ##.....

Your spell library contained the following spells:

 Spells                   Type           Power        Failure   Level  Hunger
 Sticks to Snakes         Tmut           #.......     16%         2    ###....
 Spider Form              Tmut/Pois      #.........   43%         3    ####...
 Ice Form                 Ice/Tmut       #.......     83%         4    #####..
 Blade Hands              Tmut           #.........   95%         5    ######.


Dungeon Overview and Level Annotations

Branches:
Dungeon (2/15)

Altars:


Innate Abilities, Weirdness & Mutations

You have extremely sharp teeth.
When hurt, damage is shared between your health and your magic reserves.
Your bite disrupts and absorbs the magic of your enemies.
Potions cannot restore your health.
You are immune to rotting.


Message History

You hit the hobgoblin.
The hobgoblin is moderately wounded.
The hobgoblin barely misses you. The kobold hits you with a +0 dagger.
You hit the hobgoblin but do no damage.
The hobgoblin is moderately wounded.
The hobgoblin hits you with a +0 club. The kobold completely misses you.
You are too injured to fight recklessly!
You are too injured to fight recklessly!
The bat barely misses you. The hobgoblin hits you with a +0 club.
* * * LOW HITPOINT WARNING * * *
The kobold hits you with a +0 dagger.
* * * LOW HITPOINT WARNING * * *
You climb upwards.
There is a stone staircase leading down here.
You hit the hobgoblin.
You kill the hobgoblin!
The bat hits you.
* * * LOW HITPOINT WARNING * * *
The bat barely misses you. The kobold hits you with a +0 dagger.
You die...

.##.###.#.......#.##.#..###.####.
.##.....#######.#.##.#.....).....
.####.### #.#.##.##..........
...)...# #.#.##..#####.#####
#####..# #...###.# #...... #..#
#.### #.# ####### #####..# #.#
#.# #......# #K#####.# #.####.#
#b@)....# #.# #.# ######..# #.#
#.# #..# ## #.# #.#
#..##########. #.# #.#
#............# #.# #.#
#.###########. #.# #.#
#.############ #.## #.#
#...........# ...###.#
##########.###.##


You could see a bat and a kobold.

Vanquished Creatures
  A giant cockroach (D:1)
  2 goblins
  2 hobgoblins (D:1)
  A quokka (D:2)
  A bat (D:1)
  4 kobolds
  2 rats (D:1)
13 creatures vanquished.

Notes
Turn   | Place    | Note
-------+----------+-------------------------------------------
     0 | D:1      | Descartes the Vine Stalker Transmuter began the quest for
                  | the Orb.
     0 | D:1      | Reached XP level 1. HP: 9/9 MP: 4/4
   423 | D:1      | Reached skill level 1 in Fighting
   587 | D:1      | Reached XP level 2. HP: 14/14 MP: 6/6
  1372 | D:1      | Slain by a kobold

Skill      XL: |  1 |
---------------+----+-----
Fighting       | 1 |  1.0
Armour         | |  0.2
Dodging        | |  1.7
Stealth        | |  0.8
Unarmed Combat | |  3.1
Spellcasting   | |  2.3
Transmutations | |  2.2

Action                   || total
-------------------------++-------
Melee: Unarmed           ||    46
       Bite              ||     4
 Cast: Beastly Appendage ||     1
  Use: Scroll            ||     3
 Stab: Sleeping          ||     3
  Eat: Chunk             ||     1
Armor: Robe              ||     4
Dodge: Dodged            ||    26
